Nordiques vs Wild
Created - 4 février 2014 at 19:03
Goals
|
| Nordiques |
1 |
1 |
1 |
3 |
| Wild |
2 |
2 |
2 |
6 |
|
Shots
|
| Nordiques |
13 |
7 |
12 |
32 |
| Wild |
14 |
9 |
13 |
36 |
|
1st period
1. Wild , Fredrik Modin 6 (Glen Metropolit, Fedor Tyutin) at 1:34
2. Nordiques , Vincent Lecavalier 26 (Simon Gagné) at 11:16
3. Wild , Rod Brind'Amour 8 (Brian Rolston, Fedor Tyutin) at 12:48
Penalties :
R.J. Umberger (Min) for Delaying the game (Minor) at 14:31
2nd period
4. Wild , Anson Carter 12 (Chris Drury, Nathan Dempsey) at 0:12
5. Wild , Vaclav Prospal 14 (R.J. Umberger, Nathan Dempsey) at 5:48 (PP)
6. Nordiques , Ryan Bayda 11 (Éric Belanger, Bryan McCabe) at 10:16
Penalties :
Jordan Eberle (Que) for Hooking (Minor) at 4:15, Nathan Dempsey (Min) for Hooking (Minor) at 12:02, Simon Gagné (Que) for Roughing (Minor) at 16:35
3rd period
7. Wild , Glen Metropolit 12 (Jonathan Rheault, Fredrik Modin) at 3:09
8. Nordiques , Ryan Malone 6 (Maxim Afinogenov, Tyler Arnason) at 3:34
9. Wild , Fredrik Modin 7 (Glen Metropolit, Niclas Wallin) at 17:21
Penalties :
Tyler Arnason (Que) for Holding Stick (Minor) at 0:31, Ryan Malone (Que) for Holding (Minor) at 13:04
Goalie Stats
Jean-Sébastien Giguère (Que), 14 saves from 18 shots - (0,778), L, 11-11-4, 25:48 minutes
Mike Smith (Que), 16 saves from 18 shots - (0,889), 34:12 minutes
Martin Brodeur (Min), 29 saves from 32 shots - (0,906), W, 24-17-0, 60:00 minutes
Players Stats for Nordiques
Player Name G A P +/- PIM S H SB GA TA FO MP PP MP PK MP
------------------------------------------------------------------------------------
Ales Kotalik 0 0 0 1 0 1 1 0 0 0 0/1 8:41 0:00 0:00
Alexei Ponikarovsky 0 0 0 -2 0 0 1 1 0 0 0/0 10:24 0:00 1:22
Bryan McCabe 0 1 1 0 0 2 1 1 1 0 0/0 22:40 2:09 0:00
Chris Phillips 0 0 0 -1 0 1 2 1 1 3 0/0 27:42 2:09 3:08
Éric Belanger 0 1 1 0 0 2 3 0 0 0 2/7 11:25 0:00 2:24
Jordan Eberle 0 0 0 -1 2 0 2 0 0 1 1/1 21:22 1:55 0:49
Jordan Leopold 0 0 0 -1 0 1 2 2 0 0 0/0 21:22 1:49 4:22
Lubomir Visnovsky 0 0 0 0 0 3 0 0 0 0 0/0 13:37 0:00 3:08
Matt Smaby 0 0 0 0 0 0 1 1 0 1 0/0 10:56 0:00 0:00
Mattias Weinhandl 0 0 0 -2 0 1 0 0 0 0 0/0 8:43 0:00 0:00
Maxim Afinogenov 0 1 1 0 0 1 1 1 1 0 1/1 18:51 2:03 4:26
Rickard Wallin 0 0 0 -2 0 1 1 1 0 0 2/5 9:11 0:00 0:28
Ryan Bayda 1 0 1 1 0 2 0 0 1 0 0/0 8:37 0:00 0:08
Ryan Malone 1 0 1 0 2 2 2 0 0 0 0/0 14:56 1:55 0:00
Ryan Whitney 0 0 0 -2 0 1 2 4 1 0 0/0 23:43 1:49 4:22
Simon Gagné 0 1 1 -1 2 4 4 0 0 0 0/0 21:41 2:03 1:34
Tyler Arnason 0 1 1 1 2 2 0 1 0 0 8/21 14:29 1:55 0:00
Vincent Lecavalier 1 0 1 -1 0 8 0 2 0 0 16/31 24:06 2:03 3:49
Players Stats for Wild
Player Name G A P +/- PIM S H SB GA TA FO MP PP MP PK MP
------------------------------------------------------------------------------------
Alexei Kovalev 0 0 0 -1 0 1 1 0 0 1 1/1 18:37 3:51 0:00
Anson Carter 1 0 1 0 0 2 0 0 0 0 1/1 20:14 3:33 0:00
Brian Rolston 0 1 1 1 0 2 0 0 0 0 0/0 12:08 0:06 1:55
Chris Drury 0 1 1 0 0 2 1 0 0 0 16/31 22:01 3:51 1:28
Chris Higgins 0 0 0 1 0 3 1 1 1 0 0/0 11:45 0:06 1:32
Fedor Tyutin 0 2 2 -1 0 2 0 0 0 0 0/0 20:31 3:11 1:30
Fredrik Modin 2 1 3 2 0 4 1 0 0 0 0/0 7:29 0:00 0:31
Glen Metropolit 1 2 3 2 0 4 0 0 0 0 2/2 7:31 0:06 0:32
Jonathan Rheault 0 1 1 2 0 0 0 0 0 0 0/0 6:49 0:00 0:00
Jozef Stumpel 0 0 0 -1 0 4 1 0 1 0 0/2 18:37 3:51 0:00
Mark Eaton 0 0 0 -1 0 3 0 0 1 0 0/0 21:34 3:11 2:28
Mike Green 0 0 0 1 0 2 2 0 1 1 0/0 27:25 4:19 0:00
Nathan Dempsey 0 2 2 1 2 0 5 2 0 3 0/0 27:08 4:13 0:00
Niclas Wallin 0 1 1 2 0 0 0 0 0 0 0/0 12:22 0:06 2:28
R.J. Umberger 0 1 1 0 2 2 0 0 0 0 3/4 20:20 3:33 0:00
Rod Brind'Amour 1 0 1 1 0 1 0 0 1 0 4/6 12:01 0:00 1:58
Shane Hnidy 0 0 0 2 0 0 0 0 0 0 0/0 11:01 0:00 1:30
Vaclav Prospal 1 0 1 -1 0 4 0 0 0 0 10/20 18:27 3:33 0:00
3 Stars
1 - Fredrik Modin (Min)
2 - Glen Metropolit (Min)
3 - Nathan Dempsey (Min)
Power Play
Nordiques - 0 on 2 Attempt(s) - 0,00%
Wild - 1 on 4 Attempt(s) - 25,00%
Penalty Kill
Nordiques - 3 on 4 Attempt(s) - 75,00%
- Score 0 goal in Penalty Kill
Wild - 2 on 2 Attempt(s) - 100,00%
- Score 0 goal in Penalty Kill
Official
Referees : Auger Stephane and Martell Rob
Linesman : Greg Devorski and Vaughan Rody
Game Notes
Mike Smith enters game at 5:48 of 2nd period
Finance
Level 1 -- Attendance: 3642 (60,70%) -- Ticket Income 455 250 $
Level 2 -- Attendance: 2675 (53,50%) -- Ticket Income 200 625 $
Level 3 -- Attendance: 1037 (51,85%) -- Ticket Income 51 850 $
Level 4 -- Attendance: 1676 (41,90%) -- Ticket Income 67 040 $
Luxury Box -- Attendance: 540 (54,00%) -- Ticket Income 135 000 $
Game was played at the Forest Center
Total Attendance: 9570 (53,17%)
Total Ticket Income: 909 765 $
Other Income: 136 465 $
Total Income: 1 046 230 $
Nordiques
5 vs 5 Forward
Center Left Wing Right Wing Time % Phy DF OF
1 Vincent Lecavalier Simon Gagné Jordan Eberle 40 0 2 3
2 Tyler Arnason Ryan Malone Maxim Afinogenov 30 0 2 3
3 Éric Belanger Ryan Bayda Ales Kotalik 20 0 3 2
4 Rickard Wallin Alexei Ponikarovsky Mattias Weinhandl 10 1 2 2
5 vs 5 Defense
Defense Defense Time % Phy DF OF
1 Chris Phillips Bryan McCabe 40 0 2 3
2 Ryan Whitney Jordan Leopold 30 1 2 2
3 Lubomir Visnovsky Matt Smaby 20 1 2 2
4 Chris Phillips Ryan Whitney 10 1 2 2
PowerPlay Forward
Center Left Wing Right Wing Time % Phy DF OF
1 Vincent Lecavalier Simon Gagné Maxim Afinogenov 60 0 1 4
2 Tyler Arnason Ryan Malone Jordan Eberle 40 0 1 4
PowerPlay Defense
Defense Defense Time % Phy DF OF
1 Chris Phillips Bryan McCabe 60 0 2 3
2 Jordan Leopold Ryan Whitney 40 0 2 3
Penalty Kill 4 Players Forward
Center Wing Time % Phy DF OF
1 Vincent Lecavalier Maxim Afinogenov 60 1 4 0
2 Éric Belanger Simon Gagné 40 1 4 0
Penalty Kill 4 Players Defense
Defense Defense Time % Phy DF OF
1 Jordan Leopold Ryan Whitney 60 1 4 0
2 Chris Phillips Lubomir Visnovsky 40 1 4 0
Penalty Kill - 3 Players Forward
Forward Time % Phy DF OF
1 Vincent Lecavalier 60 1 4 0
2 Maxim Afinogenov 40 1 4 0
Penalty Kill - 3 Players Defense
Defense Defense Time % Phy DF OF
1 Jordan Leopold Ryan Whitney 60 1 4 0
2 Lubomir Visnovsky Chris Phillips 40 1 4 0
4 vs 4 Forward
Center Wing Time % Phy DF OF
1 Vincent Lecavalier Simon Gagné 60 0 2 3
2 Tyler Arnason Maxim Afinogenov 40 0 2 3
4 vs 4 Defense
Defense Defense Time % Phy DF OF
1 Chris Phillips Bryan McCabe 60 1 2 2
2 Jordan Leopold Ryan Whitney 40 1 2 2
Last Minutes Offensive
Center Left Wing Right Wing Defense Defense
Vincent Lecavalier Simon Gagné Maxim Afinogenov Chris Phillips Ryan Whitney
Last Minutes Defensive
Center Left Wing Right Wing Defense Defense
Vincent Lecavalier Ryan Malone Maxim Afinogenov Jordan Leopold Ryan Whitney
Goaltenders
Starting : Jean-Sébastien Giguère
Backup : Mike Smith
Extra Forwards
Normal : Maxim Afinogenov, Vincent Lecavalier, Jordan Eberle - PP : Maxim Afinogenov, Simon Gagné - PK : Jordan Eberle
Extra Defensemen
Normal : Lubomir Visnovsky, Jordan Leopold, Ryan Whitney - PP : Lubomir Visnovsky - PK : Jordan Leopold, Ryan Whitney
Penalty Shots
Vincent Lecavalier, Maxim Afinogenov, Simon Gagné, Ryan Malone, Tyler Arnason
Wild
5 vs 5 Forward
Center Left Wing Right Wing Time % Phy DF OF
1 Chris Drury R.J. Umberger Anson Carter 40 0 1 4
2 Vaclav Prospal Jozef Stumpel Alexei Kovalev 30 0 1 4
3 Rod Brind'Amour Chris Higgins Brian Rolston 20 1 1 3
4 Glen Metropolit Fredrik Modin Jonathan Rheault 10 2 1 2
5 vs 5 Defense
Defense Defense Time % Phy DF OF
1 Mike Green Nathan Dempsey 40 1 3 1
2 Fedor Tyutin Mark Eaton 30 1 3 1
3 Niclas Wallin Shane Hnidy 20 1 3 1
4 Mike Green Nathan Dempsey 10 1 3 1
PowerPlay Forward
Center Left Wing Right Wing Time % Phy DF OF
1 Chris Drury Jozef Stumpel Alexei Kovalev 60 0 0 5
2 Vaclav Prospal R.J. Umberger Anson Carter 40 0 0 5
PowerPlay Defense
Defense Defense Time % Phy DF OF
1 Mike Green Nathan Dempsey 60 0 2 3
2 Fedor Tyutin Mark Eaton 40 0 2 3
Penalty Kill 4 Players Forward
Center Wing Time % Phy DF OF
1 Rod Brind'Amour Brian Rolston 60 1 3 1
2 Glen Metropolit Chris Higgins 40 1 3 1
Penalty Kill 4 Players Defense
Defense Defense Time % Phy DF OF
1 Mark Eaton Niclas Wallin 60 2 3 0
2 Fedor Tyutin Shane Hnidy 40 2 3 0
Penalty Kill - 3 Players Forward
Forward Time % Phy DF OF
1 Rod Brind'Amour 60 1 4 0
2 Glen Metropolit 40 1 4 0
Penalty Kill - 3 Players Defense
Defense Defense Time % Phy DF OF
1 Mark Eaton Niclas Wallin 60 2 3 0
2 Fedor Tyutin Shane Hnidy 40 2 3 0
4 vs 4 Forward
Center Wing Time % Phy DF OF
1 Chris Drury Jozef Stumpel 60 1 1 3
2 Vaclav Prospal Alexei Kovalev 40 1 1 3
4 vs 4 Defense
Defense Defense Time % Phy DF OF
1 Mike Green Nathan Dempsey 60 1 3 1
2 Fedor Tyutin Mark Eaton 40 1 3 1
Last Minutes Offensive
Center Left Wing Right Wing Defense Defense
Chris Drury Jozef Stumpel Alexei Kovalev Mike Green Nathan Dempsey
Last Minutes Defensive
Center Left Wing Right Wing Defense Defense
Rod Brind'Amour Glen Metropolit Brian Rolston Mark Eaton Niclas Wallin
Goaltenders
Starting : Martin Brodeur
Backup : Julien Ellis
Extra Forwards
Normal : Chris Drury, Alexei Kovalev, Jozef Stumpel - PP : Chris Drury, Alexei Kovalev - PK : Rod Brind'Amour
Extra Defensemen
Normal : Mike Green, Nathan Dempsey, Fedor Tyutin - PP : Mike Green - PK : Mark Eaton, Niclas Wallin
Penalty Shots
Chris Drury, Jozef Stumpel, Vaclav Prospal, Alexei Kovalev, R.J. Umberger
% Time on Ice - Nordiques
Lines # - Real PCT - Wanted PCT - Time Play
Normal Forward
1 - 38% - 40% - 18:29
2 - 27% - 30% - 12:58
3 - 17% - 20% - 8:22
4 - 18% - 10% - 8:43
Normal Defense
1 - 42% - 40% - 20:28
2 - 31% - 30% - 14:56
3 - 22% - 20% - 10:43
4 - 5% - 10% - 2:25
PP Forward
1 - 52% - 60% - 2:03
2 - 48% - 40% - 1:55
PP Defense
1 - 54% - 60% - 2:09
2 - 46% - 40% - 1:49
PK Forward
1 - 78% - 60% - 5:51
2 - 22% - 40% - 1:39
PK Defense
1 - 58% - 60% - 4:22
2 - 42% - 40% - 3:08
PK3 Forward
1 - 0% - 60%
2 - 0% - 40%
PK3 Defense
1 - 0% - 60%
2 - 0% - 40%
44 Forward
1 - 0% - 60%
2 - 0% - 40%
44 Defense
1 - 0% - 60%
2 - 0% - 40%
Last Minute Offensive - 0:00
Last Minute Defensive - 0:00
Total
Forward - 60:00
Defense - 60:00
|
% Time on Ice - Wild
Lines # - Real PCT - Wanted PCT - Time Play
Normal Forward
1 - 35% - 40% - 16:46
2 - 31% - 30% - 14:54
3 - 21% - 20% - 10:03
4 - 14% - 10% - 6:49
Normal Defense
1 - 42% - 40% - 20:16
2 - 33% - 30% - 15:50
3 - 20% - 20% - 9:29
4 - 6% - 10% - 2:57
PP Forward
1 - 53% - 60% - 3:57
2 - 47% - 40% - 3:33
PP Defense
1 - 58% - 60% - 4:19
2 - 42% - 40% - 3:11
PK Forward
1 - 87% - 60% - 3:26
2 - 13% - 40% - 0:32
PK Defense
1 - 62% - 60% - 2:28
2 - 38% - 40% - 1:30
PK3 Forward
1 - 0% - 60%
2 - 0% - 40%
PK3 Defense
1 - 0% - 60%
2 - 0% - 40%
44 Forward
1 - 0% - 60%
2 - 0% - 40%
44 Defense
1 - 0% - 60%
2 - 0% - 40%
Last Minute Offensive - 0:00
Last Minute Defensive - 0:00
Total
Forward - 60:00
Defense - 60:00
|
Play by Play
1st period
0:01 of 1st period - Vincent Lecavalier wins face-off versus Chris Drury in neutral zone.
0:25 of 1st period - Mike Green is hit by Ryan Malone.
0:35 of 1st period - Wrist shot by Jozef Stumpel.
0:35 of 1st period - Stopped by Jean-Sébastien Giguère with a rebound.
1:32 of 1st period - Wrist shot by Fredrik Modin.
1:32 of 1st period - Stopped by Jean-Sébastien Giguère with a rebound.
1:34 of 1st period - Snap shot by Fredrik Modin.
1:34 of 1st period - Goal by Fredrik Modin - Nordiques : 0 - Wild : 1.
1:35 of 1st period - Vaclav Prospal wins face-off versus Tyler Arnason in neutral zone.
2:00 of 1st period - R.J. Umberger is hit by Matt Smaby and loses puck.
2:41 of 1st period - Chris Phillips is hit by Nathan Dempsey and loses puck.
2:52 of 1st period - Wrist shot by Alexei Ponikarovsky.
2:52 of 1st period - Deflect By Rickard Wallin.
2:52 of 1st period - Stopped by Martin Brodeur without a rebound.
2:53 of 1st period - Vaclav Prospal wins face-off versus Tyler Arnason in Wild zone.
3:21 of 1st period - Slapshot by Vincent Lecavalier.
3:21 of 1st period - Stopped by Martin Brodeur without a rebound.
3:22 of 1st period - Vincent Lecavalier wins face-off versus Chris Drury in Wild zone.
3:50 of 1st period - Snap shot by Chris Drury.
3:50 of 1st period - Shot Misses the Net.
4:00 of 1st period - Wrist shot by Vincent Lecavalier.
4:00 of 1st period - Shot Misses the Net.
4:02 of 1st period - Slapshot by Chris Phillips.
4:02 of 1st period - Stopped by Martin Brodeur without a rebound.
4:03 of 1st period - Tyler Arnason wins face-off versus Vaclav Prospal in Wild zone.
4:16 of 1st period - Wrist shot by Mike Green.
4:16 of 1st period - Shot Misses the Net.
4:28 of 1st period - Wrist shot by Mattias Weinhandl.
4:28 of 1st period - Stopped by Martin Brodeur with a rebound.
4:32 of 1st period - Wrist shot by Mattias Weinhandl.
4:32 of 1st period - Shot Misses the Net.
4:34 of 1st period - Slapshot by Lubomir Visnovsky.
4:34 of 1st period - Deflect By Mike Green.
4:34 of 1st period - Stopped by Martin Brodeur without a rebound.
4:35 of 1st period - Rod Brind'Amour wins face-off versus Rickard Wallin in Wild zone.
4:48 of 1st period - Snap shot by Alexei Ponikarovsky.
4:48 of 1st period - Shot Misses the Net.
4:50 of 1st period - Slapshot by Lubomir Visnovsky.
4:50 of 1st period - Stopped by Martin Brodeur without a rebound.
4:51 of 1st period - Éric Belanger wins face-off versus Chris Drury in Wild zone.
5:06 of 1st period - Snap shot by Ryan Bayda.
5:06 of 1st period - Shot Misses the Net.
5:41 of 1st period - Slapshot by Fredrik Modin.
5:41 of 1st period - Shot Blocked by Jordan Leopold.
6:35 of 1st period - Wrist shot by Brian Rolston.
6:35 of 1st period - Deflect By Chris Higgins.
6:35 of 1st period - Stopped by Jean-Sébastien Giguère without a rebound.
6:36 of 1st period - Rod Brind'Amour wins face-off versus Vincent Lecavalier in Nordiques zone.
7:03 of 1st period - Slapshot by Brian Rolston.
7:03 of 1st period - Stopped by Jean-Sébastien Giguère without a rebound.
7:04 of 1st period - Chris Drury wins face-off versus Tyler Arnason in Nordiques zone.
7:13 of 1st period - Snap shot by Chris Drury.
7:13 of 1st period - Stopped by Jean-Sébastien Giguère with a rebound.
7:29 of 1st period - Mike Green is hit by Jordan Eberle and loses puck.
7:48 of 1st period - Backhand shot by Ryan Bayda.
7:48 of 1st period - Stopped by Martin Brodeur with a rebound.
8:12 of 1st period - Slapshot by Bryan McCabe.
8:12 of 1st period - Stopped by Martin Brodeur with a rebound.
9:57 of 1st period - Slapshot by Tyler Arnason.
9:57 of 1st period - Stopped by Martin Brodeur with a rebound.
10:44 of 1st period - Off-side.
10:45 of 1st period - Anson Carter wins face-off versus Rickard Wallin in neutral zone.
10:50 of 1st period - Wrist shot by Anson Carter.
10:50 of 1st period - Stopped by Jean-Sébastien Giguère with a rebound.
10:52 of 1st period - Wrist shot by R.J. Umberger.
10:52 of 1st period - Shot Blocked by Ryan Whitney.
10:54 of 1st period - Slapshot by Fedor Tyutin.
10:54 of 1st period - Shot Misses the Net.
10:56 of 1st period - Slapshot by Fedor Tyutin.
10:56 of 1st period - Stopped by Jean-Sébastien Giguère with a rebound.
10:58 of 1st period - Slapshot by Mark Eaton.
10:58 of 1st period - Stopped by Jean-Sébastien Giguère with a rebound.
11:00 of 1st period - Wrist shot by Anson Carter.
11:00 of 1st period - Shot Misses the Net.
11:16 of 1st period - Slapshot by Vincent Lecavalier.
11:16 of 1st period - Goal by Vincent Lecavalier - Nordiques : 1 - Wild : 1.
11:17 of 1st period - Vincent Lecavalier wins face-off versus Chris Drury in neutral zone.
11:32 of 1st period - Wrist shot by Vincent Lecavalier.
11:32 of 1st period - Stopped by Martin Brodeur without a rebound.
11:33 of 1st period - Vaclav Prospal wins face-off versus Tyler Arnason in Wild zone.
11:46 of 1st period - Chris Phillips is hit by Mike Green and loses puck.
12:25 of 1st period - Snap shot by Glen Metropolit.
12:25 of 1st period - Shot Misses the Net.
12:27 of 1st period - Slapshot by Mark Eaton.
12:27 of 1st period - Stopped by Jean-Sébastien Giguère with a rebound.
12:48 of 1st period - Snap shot by Rod Brind'Amour.
12:48 of 1st period - Goal by Rod Brind'Amour - Nordiques : 1 - Wild : 2.
12:49 of 1st period - Chris Drury wins face-off versus Vincent Lecavalier in neutral zone.
13:55 of 1st period - Glen Metropolit is hit by Chris Phillips and loses puck.
14:18 of 1st period - Wrist shot by Vincent Lecavalier.
14:18 of 1st period - Shot Misses the Net.
14:20 of 1st period - Backhand shot by Vincent Lecavalier.
14:20 of 1st period - Shot Misses the Net.
14:22 of 1st period - Slapshot by Vincent Lecavalier.
14:22 of 1st period - Stopped by Martin Brodeur without a rebound.
14:23 of 1st period - Vincent Lecavalier wins face-off versus Vaclav Prospal in Wild zone.
14:28 of 1st period - Snap shot by Vincent Lecavalier.
14:28 of 1st period - Stopped by Martin Brodeur without a rebound.
14:29 of 1st period - Chris Drury wins face-off versus Tyler Arnason in Wild zone.
14:31 of 1st period - Minor Penalty to R.J. Umberger for Delaying the game.
14:32 of 1st period - Vincent Lecavalier wins face-off versus Rod Brind'Amour in Wild zone.
16:31 of 1st period - Penalty to R.J. Umberger is over, R.J. Umberger is back on ice.
16:37 of 1st period - Snap shot by Mattias Weinhandl.
16:37 of 1st period - Deflect By Rickard Wallin.
16:37 of 1st period - Shot Misses the Net.
16:37 of 1st period - Puck is out of play.
16:38 of 1st period - Rickard Wallin wins face-off versus Vaclav Prospal in Wild zone.
17:34 of 1st period - Snap shot by Chris Higgins.
17:34 of 1st period - Stopped by Jean-Sébastien Giguère without a rebound.
17:35 of 1st period - R.J. Umberger wins face-off versus Vincent Lecavalier in Nordiques zone.
17:56 of 1st period - Chris Drury is hit by Jordan Eberle and loses puck.
18:17 of 1st period - Wrist shot by Tyler Arnason.
18:17 of 1st period - Deflect By Ryan Malone.
18:17 of 1st period - Shot Misses the Net.
18:17 of 1st period - Puck is out of play.
18:18 of 1st period - Rod Brind'Amour wins face-off versus Éric Belanger in Wild zone.
19:38 of 1st period - Wrist shot by Glen Metropolit.
19:38 of 1st period - Stopped by Jean-Sébastien Giguère without a rebound.
19:39 of 1st period - Glen Metropolit wins face-off versus Vincent Lecavalier in Nordiques zone.
19:46 of 1st period - Snap shot by Fredrik Modin.
19:46 of 1st period - Deflect By Glen Metropolit.
19:46 of 1st period - Stopped by Jean-Sébastien Giguère with a rebound.
Goals for this period are 1 for Nordiques vs 2 for Wild.
Shots for this period are 13 for Nordiques vs 14 for Wild.
2nd period
0:01 of 2nd period - R.J. Umberger wins face-off versus Vincent Lecavalier in neutral zone.
0:06 of 2nd period - Slapshot by Mike Green.
0:06 of 2nd period - Shot Hit the Post.
0:08 of 2nd period - Slapshot by Nathan Dempsey.
0:08 of 2nd period - Shot Misses the Net.
0:12 of 2nd period - Slapshot by Chris Drury.
0:12 of 2nd period - Deflect By Anson Carter.
0:12 of 2nd period - Goal by Anson Carter - Nordiques : 1 - Wild : 3.
0:13 of 2nd period - R.J. Umberger wins face-off versus Vincent Lecavalier in neutral zone.
0:24 of 2nd period - Wrist shot by R.J. Umberger.
0:24 of 2nd period - Stopped by Jean-Sébastien Giguère without a rebound.
0:25 of 2nd period - Chris Drury wins face-off versus Vincent Lecavalier in Nordiques zone.
0:28 of 2nd period - Snap shot by Anson Carter.
0:28 of 2nd period - Shot Blocked by Bryan McCabe.
0:50 of 2nd period - Tyler Arnason is hit by Nathan Dempsey and loses puck.
1:01 of 2nd period - Slapshot by Bryan McCabe.
1:01 of 2nd period - Stopped by Martin Brodeur without a rebound.
1:02 of 2nd period - Vincent Lecavalier wins face-off versus Chris Drury in Wild zone.
1:05 of 2nd period - Slapshot by Vincent Lecavalier.
1:05 of 2nd period - Shot Misses the Net.
1:28 of 2nd period - Niclas Wallin is hit by Ryan Malone and loses puck.
2:11 of 2nd period - Slapshot by Ryan Bayda.
2:11 of 2nd period - Shot Misses the Net.
3:21 of 2nd period - Wrist shot by Fredrik Modin.
3:21 of 2nd period - Stopped by Jean-Sébastien Giguère without a rebound.
3:22 of 2nd period - Jordan Eberle wins face-off versus Chris Drury in Nordiques zone.
3:37 of 2nd period - Wrist shot by Simon Gagné.
3:37 of 2nd period - Stopped by Martin Brodeur without a rebound.
3:38 of 2nd period - Alexei Kovalev wins face-off versus Tyler Arnason in Wild zone.
4:15 of 2nd period - Minor Penalty to Jordan Eberle for Hooking.
4:16 of 2nd period - Vincent Lecavalier wins face-off versus Chris Drury in Nordiques zone.
4:16 of 2nd period - Vincent Lecavalier is hit by Alexei Kovalev.
4:31 of 2nd period - Wrist shot by Mike Green.
4:31 of 2nd period - Shot Blocked by Maxim Afinogenov.
5:09 of 2nd period - Snap shot by Éric Belanger.
5:09 of 2nd period - Shot Misses the Net.
5:11 of 2nd period - Snap shot by Jordan Leopold.
5:11 of 2nd period - Stopped by Martin Brodeur without a rebound.
5:12 of 2nd period - Vaclav Prospal wins face-off versus Vincent Lecavalier in Wild zone.
5:12 of 2nd period - Vaclav Prospal is hit by Maxim Afinogenov.
5:19 of 2nd period - Off-side.
5:20 of 2nd period - Vaclav Prospal wins face-off versus Vincent Lecavalier in neutral zone.
5:31 of 2nd period - Icing by Mike Green.
5:32 of 2nd period - Vincent Lecavalier wins face-off versus Vaclav Prospal in Wild zone.
5:48 of 2nd period - Wrist shot by Vaclav Prospal.
5:48 of 2nd period - Goal by Vaclav Prospal - Nordiques : 1 - Wild : 4.
5:48 of 2nd period - Mike Smith enters game.
5:49 of 2nd period - Chris Drury wins face-off versus Vincent Lecavalier in neutral zone.
6:21 of 2nd period - Rod Brind'Amour is hit by Simon Gagné and loses puck.
8:00 of 2nd period - Off-side.
8:01 of 2nd period - Vaclav Prospal wins face-off versus Tyler Arnason in neutral zone.
8:17 of 2nd period - Tyler Arnason is hit by Jozef Stumpel and loses puck.
8:30 of 2nd period - Vaclav Prospal is hit by Chris Phillips and loses puck.
9:04 of 2nd period - Off-side.
9:05 of 2nd period - Chris Drury wins face-off versus Vincent Lecavalier in neutral zone.
9:20 of 2nd period - Snap shot by R.J. Umberger.
9:20 of 2nd period - Stopped by Mike Smith without a rebound.
9:21 of 2nd period - Tyler Arnason wins face-off versus Rod Brind'Amour in Nordiques zone.
10:16 of 2nd period - Snap shot by Ryan Bayda.
10:16 of 2nd period - Goal by Ryan Bayda - Nordiques : 2 - Wild : 4.
10:17 of 2nd period - Vincent Lecavalier wins face-off versus Chris Drury in neutral zone.
10:26 of 2nd period - Slapshot by Vincent Lecavalier.
10:26 of 2nd period - Stopped by Martin Brodeur with a rebound.
11:02 of 2nd period - Wrist shot by Ales Kotalik.
11:02 of 2nd period - Shot Misses the Net.
11:04 of 2nd period - Wrist shot by Éric Belanger.
11:04 of 2nd period - Deflect By Ryan Bayda.
11:04 of 2nd period - Shot Misses the Net.
11:04 of 2nd period - Puck is out of play.
11:05 of 2nd period - Vaclav Prospal wins face-off versus Éric Belanger in Wild zone.
11:05 of 2nd period - Vaclav Prospal is hit by Éric Belanger.
11:35 of 2nd period - Wrist shot by Ales Kotalik.
11:35 of 2nd period - Stopped by Martin Brodeur without a rebound.
11:36 of 2nd period - Vincent Lecavalier wins face-off versus Chris Drury in Wild zone.
11:37 of 2nd period - Wrist shot by Simon Gagné.
11:37 of 2nd period - Shot Misses the Net.
11:39 of 2nd period - Snap shot by Vincent Lecavalier.
11:39 of 2nd period - Shot Blocked by Nathan Dempsey.
11:41 of 2nd period - Wrist shot by Vincent Lecavalier.
11:41 of 2nd period - Stopped by Martin Brodeur with a rebound.
12:02 of 2nd period - Minor Penalty to Nathan Dempsey for Hooking.
12:03 of 2nd period - Rod Brind'Amour wins face-off versus Vincent Lecavalier in Wild zone.
12:28 of 2nd period - Rod Brind'Amour is hit by Bryan McCabe.
13:15 of 2nd period - Snap shot by Fedor Tyutin.
13:15 of 2nd period - Shot Misses the Net.
13:57 of 2nd period - Icing by Jordan Leopold.
13:58 of 2nd period - Chris Drury wins face-off versus Tyler Arnason in Nordiques zone.
14:02 of 2nd period - Penalty to Nathan Dempsey is over, Nathan Dempsey is back on ice.
14:03 of 2nd period - Wrist shot by Fredrik Modin.
14:03 of 2nd period - Deflect By Chris Drury.
14:03 of 2nd period - Stopped by Mike Smith without a rebound.
14:04 of 2nd period - Éric Belanger wins face-off versus Jozef Stumpel in Nordiques zone.
14:29 of 2nd period - Alexei Kovalev is hit by Jordan Leopold and loses puck.
14:34 of 2nd period - Snap shot by Vincent Lecavalier.
14:34 of 2nd period - Shot Blocked by Nathan Dempsey.
15:42 of 2nd period - Backhand shot by Chris Higgins.
15:42 of 2nd period - Shot Misses the Net.
15:50 of 2nd period - Slapshot by Brian Rolston.
15:50 of 2nd period - Shot Blocked by Vincent Lecavalier.
15:52 of 2nd period - Slapshot by Fedor Tyutin.
15:52 of 2nd period - Shot Blocked by Ryan Whitney.
15:54 of 2nd period - Slapshot by Rod Brind'Amour.
15:54 of 2nd period - Shot Misses the Net.
16:14 of 2nd period - Snap shot by Brian Rolston.
16:14 of 2nd period - Shot Blocked by Ryan Whitney.
16:28 of 2nd period - Wrist shot by Chris Higgins.
16:28 of 2nd period - Stopped by Mike Smith with a rebound.
16:30 of 2nd period - Snap shot by Fedor Tyutin.
16:30 of 2nd period - Stopped by Mike Smith with a rebound.
16:35 of 2nd period - Minor Penalty to Simon Gagné for Roughing.
16:36 of 2nd period - Chris Drury wins face-off versus Éric Belanger in Nordiques zone.
16:50 of 2nd period - Snap shot by Jozef Stumpel.
16:50 of 2nd period - Stopped by Mike Smith with a rebound.
18:35 of 2nd period - Penalty to Simon Gagné is over, Simon Gagné is back on ice.
18:49 of 2nd period - Backhand shot by Tyler Arnason.
18:49 of 2nd period - Shot Misses the Net.
19:01 of 2nd period - Mike Green is hit by Jordan Leopold and loses puck.
19:28 of 2nd period - Shane Hnidy is hit by Rickard Wallin and loses puck.
19:39 of 2nd period - Ryan Whitney is hit by Chris Higgins and loses puck.
Goals for this period are 1 for Nordiques vs 2 for Wild.
Shots for this period are 7 for Nordiques vs 9 for Wild.
3rd period
0:01 of 3rd period - Vincent Lecavalier wins face-off versus Chris Drury in neutral zone.
0:04 of 3rd period - Slapshot by Chris Phillips.
0:04 of 3rd period - Shot Misses the Net.
0:16 of 3rd period - Chris Phillips is hit by Nathan Dempsey.
0:28 of 3rd period - Snap shot by Vaclav Prospal.
0:28 of 3rd period - Deflect By Chris Phillips.
0:28 of 3rd period - Shot Blocked by Tyler Arnason.
0:28 of 3rd period - Puck is out of play.
0:29 of 3rd period - Tyler Arnason wins face-off versus Vaclav Prospal in Nordiques zone.
0:31 of 3rd period - Minor Penalty to Tyler Arnason for Holding Stick.
0:32 of 3rd period - Chris Drury wins face-off versus Vincent Lecavalier in Nordiques zone.
1:02 of 3rd period - Snap shot by Vaclav Prospal.
1:02 of 3rd period - Shot Misses the Net.
1:10 of 3rd period - Slapshot by Jordan Leopold.
1:10 of 3rd period - Shot Misses the Net.
2:11 of 3rd period - Fedor Tyutin is hit by Simon Gagné and loses puck.
2:31 of 3rd period - Penalty to Tyler Arnason is over, Tyler Arnason is back on ice.
2:53 of 3rd period - Icing by Bryan McCabe.
2:54 of 3rd period - Glen Metropolit wins face-off versus Rickard Wallin in Nordiques zone.
3:05 of 3rd period - Wrist shot by Glen Metropolit.
3:05 of 3rd period - Shot Blocked by Alexei Ponikarovsky.
3:07 of 3rd period - Wrist shot by Jonathan Rheault.
3:07 of 3rd period - Shot Blocked by Chris Phillips.
3:09 of 3rd period - Wrist shot by Glen Metropolit.
3:09 of 3rd period - Goal by Glen Metropolit - Nordiques : 2 - Wild : 5.
3:10 of 3rd period - Vincent Lecavalier wins face-off versus Chris Drury in neutral zone.
3:24 of 3rd period - Icing by Mark Eaton.
3:25 of 3rd period - Tyler Arnason wins face-off versus Chris Drury in Wild zone.
3:34 of 3rd period - Wrist shot by Ryan Malone.
3:34 of 3rd period - Goal by Ryan Malone - Nordiques : 3 - Wild : 5.
3:35 of 3rd period - Vincent Lecavalier wins face-off versus Chris Drury in neutral zone.
3:40 of 3rd period - Slapshot by Chris Phillips.
3:40 of 3rd period - Shot Misses the Net.
3:42 of 3rd period - Slapshot by Jordan Eberle.
3:42 of 3rd period - Deflect By Simon Gagné.
3:42 of 3rd period - Stopped by Martin Brodeur without a rebound.
3:43 of 3rd period - Chris Drury wins face-off versus Vincent Lecavalier in Wild zone.
3:50 of 3rd period - Vincent Lecavalier is hit by Nathan Dempsey and loses puck.
4:53 of 3rd period - Wrist shot by Vincent Lecavalier.
4:53 of 3rd period - Stopped by Martin Brodeur without a rebound.
4:54 of 3rd period - Tyler Arnason wins face-off versus Vaclav Prospal in Wild zone.
5:07 of 3rd period - Vaclav Prospal is hit by Ryan Whitney and loses puck.
5:20 of 3rd period - Shane Hnidy is hit by Éric Belanger and loses puck.
5:27 of 3rd period - Snap shot by Éric Belanger.
5:27 of 3rd period - Stopped by Martin Brodeur with a rebound.
5:29 of 3rd period - Wrist shot by Ales Kotalik.
5:29 of 3rd period - Shot Blocked by Chris Higgins.
5:31 of 3rd period - Snap shot by Lubomir Visnovsky.
5:31 of 3rd period - Stopped by Martin Brodeur without a rebound.
5:32 of 3rd period - Vaclav Prospal wins face-off versus Tyler Arnason in Wild zone.
6:27 of 3rd period - Slapshot by Jozef Stumpel.
6:27 of 3rd period - Stopped by Mike Smith with a rebound.
6:49 of 3rd period - Slapshot by Vaclav Prospal.
6:49 of 3rd period - Stopped by Mike Smith with a rebound.
6:51 of 3rd period - Slapshot by Fedor Tyutin.
6:51 of 3rd period - Shot Blocked by Matt Smaby.
6:53 of 3rd period - Slapshot by Mark Eaton.
6:53 of 3rd period - Shot Blocked by Rickard Wallin.
7:13 of 3rd period - Icing by Matt Smaby.
7:14 of 3rd period - Rickard Wallin wins face-off versus R.J. Umberger in Nordiques zone.
7:25 of 3rd period - R.J. Umberger is hit by Alexei Ponikarovsky and loses puck.
8:02 of 3rd period - Snap shot by Tyler Arnason.
8:02 of 3rd period - Stopped by Martin Brodeur with a rebound.
8:19 of 3rd period - Off-side.
8:20 of 3rd period - Chris Drury wins face-off versus Ales Kotalik in neutral zone.
8:27 of 3rd period - Snap shot by Chris Drury.
8:27 of 3rd period - Shot Misses the Net.
8:29 of 3rd period - Wrist shot by Anson Carter.
8:29 of 3rd period - Shot Misses the Net.
9:10 of 3rd period - Off-side.
9:11 of 3rd period - Chris Drury wins face-off versus Tyler Arnason in neutral zone.
9:26 of 3rd period - Snap shot by Maxim Afinogenov.
9:26 of 3rd period - Shot Misses the Net.
9:28 of 3rd period - Snap shot by Ryan Malone.
9:28 of 3rd period - Stopped by Martin Brodeur without a rebound.
9:29 of 3rd period - Vincent Lecavalier wins face-off versus Jozef Stumpel in Wild zone.
9:34 of 3rd period - Slapshot by Simon Gagné.
9:34 of 3rd period - Stopped by Martin Brodeur without a rebound.
9:35 of 3rd period - Vincent Lecavalier wins face-off versus Vaclav Prospal in Wild zone.
9:58 of 3rd period - Ryan Whitney is hit by Mike Green and loses puck.
10:15 of 3rd period - Wrist shot by Vaclav Prospal.
10:15 of 3rd period - Shot Blocked by Vincent Lecavalier.
10:17 of 3rd period - Wrist shot by Nathan Dempsey.
10:17 of 3rd period - Shot Blocked by Ryan Whitney.
10:19 of 3rd period - Wrist shot by Vaclav Prospal.
10:19 of 3rd period - Stopped by Mike Smith with a rebound.
10:21 of 3rd period - Wrist shot by Vaclav Prospal.
10:21 of 3rd period - Shot Misses the Net.
10:23 of 3rd period - Snap shot by Jozef Stumpel.
10:23 of 3rd period - Stopped by Mike Smith without a rebound.
10:24 of 3rd period - Chris Drury wins face-off versus Tyler Arnason in Nordiques zone.
11:17 of 3rd period - Snap shot by Éric Belanger.
11:17 of 3rd period - Stopped by Martin Brodeur with a rebound.
11:19 of 3rd period - Wrist shot by Éric Belanger.
11:19 of 3rd period - Shot Misses the Net.
11:21 of 3rd period - Slapshot by Ryan Whitney.
11:21 of 3rd period - Stopped by Martin Brodeur without a rebound.
11:22 of 3rd period - Tyler Arnason wins face-off versus Vaclav Prospal in Wild zone.
11:23 of 3rd period - Wrist shot by Maxim Afinogenov.
11:23 of 3rd period - Stopped by Martin Brodeur without a rebound.
11:24 of 3rd period - Tyler Arnason wins face-off versus Vaclav Prospal in Wild zone.
11:25 of 3rd period - Slapshot by Maxim Afinogenov.
11:25 of 3rd period - Deflect By Ryan Malone.
11:25 of 3rd period - Shot Misses the Net.
11:25 of 3rd period - Puck is out of play.
11:26 of 3rd period - Tyler Arnason wins face-off versus Vaclav Prospal in Wild zone.
12:02 of 3rd period - Mike Green is hit by Simon Gagné and loses puck.
12:45 of 3rd period - Snap shot by Simon Gagné.
12:45 of 3rd period - Stopped by Martin Brodeur without a rebound.
12:46 of 3rd period - Chris Drury wins face-off versus Tyler Arnason in Wild zone.
13:04 of 3rd period - Minor Penalty to Ryan Malone for Holding.
13:05 of 3rd period - Chris Drury wins face-off versus Vincent Lecavalier in Nordiques zone.
13:31 of 3rd period - R.J. Umberger is hit by Éric Belanger and loses puck.
13:54 of 3rd period - Maxim Afinogenov is hit by Chris Drury.
14:21 of 3rd period - Vaclav Prospal is hit by Simon Gagné.
14:32 of 3rd period - Icing by Alexei Kovalev.
14:33 of 3rd period - Maxim Afinogenov wins face-off versus Chris Drury in Wild zone.
15:01 of 3rd period - Nathan Dempsey is hit by Ryan Whitney and loses puck.
15:04 of 3rd period - Penalty to Ryan Malone is over, Ryan Malone is back on ice.
15:19 of 3rd period - Ryan Malone is hit by Fredrik Modin and loses puck.
15:44 of 3rd period - Chris Higgins is hit by Ales Kotalik and loses puck.
17:11 of 3rd period - Backhand shot by Mike Green.
17:11 of 3rd period - Stopped by Mike Smith with a rebound.
17:13 of 3rd period - Snap shot by Glen Metropolit.
17:13 of 3rd period - Stopped by Mike Smith with a rebound.
17:21 of 3rd period - Snap shot by Fredrik Modin.
17:21 of 3rd period - Deflect By Maxim Afinogenov.
17:21 of 3rd period - Goal by Fredrik Modin - Nordiques : 3 - Wild : 6.
17:22 of 3rd period - Vincent Lecavalier wins face-off versus Chris Drury in neutral zone.
17:49 of 3rd period - Snap shot by Brian Rolston.
17:49 of 3rd period - Stopped by Mike Smith with a rebound.
17:51 of 3rd period - Slapshot by Rod Brind'Amour.
17:51 of 3rd period - Shot Misses the Net.
17:53 of 3rd period - Slapshot by Fedor Tyutin.
17:53 of 3rd period - Shot Blocked by Jordan Leopold.
17:55 of 3rd period - Slapshot by Mark Eaton.
17:55 of 3rd period - Stopped by Mike Smith without a rebound.
17:56 of 3rd period - Chris Drury wins face-off versus Tyler Arnason in Nordiques zone.
18:09 of 3rd period - Snap shot by R.J. Umberger.
18:09 of 3rd period - Shot Misses the Net.
18:11 of 3rd period - Slapshot by Mike Green.
18:11 of 3rd period - Stopped by Mike Smith without a rebound.
18:12 of 3rd period - Vaclav Prospal wins face-off versus Éric Belanger in Nordiques zone.
18:15 of 3rd period - Snap shot by Vaclav Prospal.
18:15 of 3rd period - Stopped by Mike Smith with a rebound.
18:17 of 3rd period - Slapshot by Mike Green.
18:17 of 3rd period - Shot Misses the Net.
18:19 of 3rd period - Wrist shot by Alexei Kovalev.
18:19 of 3rd period - Stopped by Mike Smith without a rebound.
18:20 of 3rd period - Vaclav Prospal wins face-off versus Éric Belanger in Nordiques zone.
18:47 of 3rd period - Simon Gagné is hit by Nathan Dempsey and loses puck.
Goals for this period are 1 for Nordiques vs 2 for Wild.
Shots for this period are 12 for Nordiques vs 13 for Wild.
Output by the SimonT Hockey Simulator (STHS) for François Prévost -- Original Page W3C XHTML 1.0 Valid